 Dungeon Crawl Stone Soup version 0.28.0-49-g6dfe1f597d (webtiles) character file.

Game seed: 16796398165246110759

314 issech the Charlatan (level 6, -9/44 HPs)
             Began as a Gnoll Wanderer on May 18, 2022.
             Mangled by KittyFluff's ghost (16 damage)
             ... on level 3 of the Dungeon.
             The game lasted 00:08:26 (3038 turns).

issech the Charlatan (Gnoll Wanderer)               Turns: 3038, Time: 00:08:28

Health: -9/44      AC:  8    Str: 12    XL:     6   Next: 43%
Magic:  11/11      EV:  6    Int:  9    God:
Gold:   66         SH:  0    Dex: 15    Spells: 11/11 levels left

rFire   . . .      SeeInvis .   m - +3 quarterstaff (chaos)
rCold   . . .      Faith    .   (shield currently unavailable)
rNeg    . . .      Spirit   .   j - +0 scale mail
rPois   .          Reflect  .   (no helmet)
rElec   .          Harm     .   h - +0 cloak
rCorr   +          Rampage  .   (no gloves)
Will    .....                   (no boots)
Stlth   +.........              (no amulet)
HPRegen 0.14/turn               r - ring of resist corrosion
MPRegen 0.12/turn               (no ring)

@: constricted
A: fangs 1, strong nose, distributed training
a: no special abilities


You were on level 3 of the Dungeon.
You visited 1 branch of the dungeon, and saw 3 of its levels.

You collected 88 gold pieces.
You spent 22 gold pieces at shops.

Inventory:

Hand Weapons
 m - a +3 quarterstaff of chaos (weapon)
Missiles
 d - 104 stones
 f - 22 bolts
 i - 4 silver javelins (quivered)
 o - 27 sling bullets
 p - 10 arrows
Armour
 c - a +0 leather armour
 h - a +0 cloak (worn)
 j - a +0 scale mail (worn)
 n - a +0 cloak
 q - a +0 ring mail
Jewellery
 r - a ring of resist corrosion (left hand)
Scrolls
 k - a scroll of fear
 t - a scroll of immolation
Potions
 a - a potion of berserk rage {unknown}
 e - 4 potions of curing {unknown}
 l - a potion of degeneration {unknown}
 s - a potion of flight {unknown}
Miscellaneous
 b - a piece from Xom's chessboard (15/15)


   Skills:
 + Level 2.0 Fighting
 + Level 2.0 Short Blades
 + Level 2.0 Long Blades
 + Level 2.0 Axes
 + Level 2.0 Maces & Flails
 + Level 2.0 Polearms
 + Level 6.8 Staves
 + Level 2.0 Slings
 + Level 2.0 Bows
 + Level 2.0 Crossbows
 + Level 2.0 Throwing
 + Level 3.2 Armour
 + Level 2.0 Dodging
 + Level 3.1 Stealth
 + Level 2.0 Shields
 + Level 2.0 Unarmed Combat
 + Level 3.4 Spellcasting
 + Level 1.5 Conjurations
 + Level 1.5 Hexes
 + Level 1.5 Summonings
 + Level 1.5 Necromancy
 + Level 1.5 Translocations
 + Level 1.5 Transmutations
 + Level 1.5 Fire Magic
 + Level 1.5 Ice Magic
 + Level 2.6 Air Magic
 + Level 1.5 Earth Magic
 + Level 1.5 Poison Magic
 + Level 2.1 Invocations
 + Level 6.8 Evocations


You had 11 spell levels left.
You didn't know any spells.
Your spell library contained the following spells:

 Spells                   Type           Power      Damage    Failure   Level
 Sandblast                Erth           8%         2d5       58%         1
 Corpse Rot               Necr/Air       10%        N/A       65%         2
 Poisonous Vapours        Pois/Air       10%        N/A       65%         2
 Passwall                 Tmut/Erth      3%         N/A       75%         2
 Scorch                   Fire           8%         2d5       75%         2
 Portal Projectile        Hex/Tloc       8%         N/A       92%         3
 Stone Arrow              Conj/Erth      8%         3d7       92%         3
 Tukima's Dance           Hex            4%         N/A       92%         3
 Flame Wave               Conj/Fire      4%         2d5       100%        4
 Passage of Golubria      Tloc           4%         N/A       100%        4
 Blade Hands              Tmut           2%         N/A       100%        5
 Excruciating Wounds      Necr           2%         N/A       100%        5
 Yara's Violent Unravell  Hex/Tmut       2%         3d3       100%        5
 Summon Cactus Giant      Summ           2%         N/A       100%        6


Dungeon Overview and Level Annotations

Branches:
Dungeon (3/15)

Altars:
Ashenzari

Shops:
D:1 ?

Annotations:
D:3 KittyFluff's ghost, amateur GrBe


Innate Abilities, Weirdness & Mutations

You have very sharp teeth.
Your uncanny sense of smell can sniff out nearby items.
Your experience applies equally to all skills.


Message History

You hit the orc. You freeze the orc. You bite the orc.
The orc is heavily wounded.
The orc closely misses you.
You hit the orc.
You kill the orc!
You sock the hobgoblin!
You kill the hobgoblin!
The ball python skeleton barely misses you. x2
You barely miss KittyFluff's ghost.
The ball python skeleton bites you but does no damage.
The ball python skeleton grabs you.
The ball python skeleton constricts you.
KittyFluff's ghost hits you!
You barely miss KittyFluff's ghost.
The ball python skeleton closely misses you.
The ball python skeleton constricts you.
KittyFluff's ghost hits you.
You hit KittyFluff's ghost.
KittyFluff's ghost seems to grow stronger.
You bite KittyFluff's ghost, but do no damage.
KittyFluff's ghost is lightly damaged.
The ball python skeleton bites you but does no damage.
The ball python skeleton constricts you.
KittyFluff's ghost hits you!!
* * * LOW HITPOINT WARNING * * *
You hit KittyFluff's ghost.
KittyFluff's ghost convulses.
You bite KittyFluff's ghost.
KittyFluff's ghost is moderately damaged.
The ball python skeleton barely misses you.
The ball python skeleton constricts you.
KittyFluff's ghost hits you.
* * * LOW HITPOINT WARNING * * *
You sock KittyFluff's ghost!
KittyFluff's ghost flickers and vanishes!
Deactivating autopickup; reactivate with Ctrl-A.
Your bite misses something. The ball python skeleton bites you.
* * * LOW HITPOINT WARNING * * *
The ball python skeleton constricts you.
Something hits you!
You die...

..........#.......#..#
.#...###..#...$?..#..#
.###.# #..#.......#..#
.....###..#.......#..######
†.........#.......#.......#
#†###.....#.......#....[..#
......##..#.....r)#.......#
.......#..###''{###.......#
.......#.......Z@.......>.#
......†...............>...#
............#####.........#
############# ###########


You could see a quokka and a ball python skeleton.

Vanquished Creatures
  A meliai (shapeshifter) (D:3)
  Crazy Yiuf (D:2)
  2 adders (D:3)
  An orc (D:3)
  8 ball pythons
  4 endoplasms
  3 giant cockroaches
  6 goblins
  5 hobgoblins
  5 jackals (D:1)
  6 quokkas
  3 bats
  3 frilled lizards (D:1)
  5 kobolds
  8 rats
61 creatures vanquished.

Notes
Turn   | Place    | Note
-------+----------+-------------------------------------------
     0 | D:1      | issech the Gnoll Wanderer began the quest for the Orb.
     0 | D:1      | issech set off with the following items: a +2 quarterstaff,
                  | a piece from Xom's chessboard (15/15), a +0 leather armour;
                  | and the following spells available to memorise: Corpse Rot,
                  | Poisonous Vapours
     0 | D:1      | Reached XP level 1. HP: 13/13 MP: 4/4
    73 | D:1      | Found a faded altar of an unknown god.
    79 | D:1      | Reached XP level 2. HP: 16/19 MP: 5/5
   108 | D:1      | Found Jaurgh's Magic Scroll Boutique.
   329 | D:1      | Bought a scroll of identify for 22 gold pieces
   465 | D:1      | Reached XP level 3. HP: 7/25 MP: 7/7
  1311 | D:2      | Reached skill level 1 in Invocations
  1412 | D:2      | Found a broken altar of Ashenzari.
  1636 | D:2      | Found a runed translucent door.
  1637 | D:2      | Noticed Crazy Yiuf
  1753 | D:2      | Reached skill level 1 in Fighting
  1753 | D:2      | Reached skill level 1 in Short Blades
  1753 | D:2      | Reached skill level 1 in Long Blades
  1753 | D:2      | Reached skill level 1 in Axes
  1753 | D:2      | Reached skill level 1 in Maces & Flails
  1753 | D:2      | Reached skill level 1 in Polearms
  1753 | D:2      | Reached skill level 1 in Slings
  1753 | D:2      | Reached skill level 1 in Bows
  1753 | D:2      | Reached skill level 1 in Crossbows
  1753 | D:2      | Reached skill level 1 in Throwing
  1753 | D:2      | Reached skill level 1 in Dodging
  1753 | D:2      | Reached skill level 1 in Shields
  1753 | D:2      | Reached skill level 1 in Unarmed Combat
  2036 | D:2      | Killed Crazy Yiuf
  2037 | D:2      | Reached XP level 4. HP: 28/32 MP: 8/8
  2456 | D:3      | Noticed a shapeshifter
  2456 | D:3      | a frilled lizard changed into a shapeshifter
  2456 | D:3      | Noticed a meliai
  2456 | D:3      | a shapeshifter changed into a meliai
  2459 | D:3      | Killed a meliai
  2460 | D:3      | Reached skill level 1 in Conjurations
  2460 | D:3      | Reached skill level 1 in Hexes
  2460 | D:3      | Reached skill level 1 in Summonings
  2460 | D:3      | Reached skill level 1 in Necromancy
  2460 | D:3      | Reached skill level 1 in Translocations
  2460 | D:3      | Reached skill level 1 in Transmutations
  2460 | D:3      | Reached skill level 1 in Fire Magic
  2460 | D:3      | Reached skill level 1 in Ice Magic
  2460 | D:3      | Reached skill level 1 in Earth Magic
  2460 | D:3      | Reached skill level 1 in Poison Magic
  2460 | D:3      | Reached XP level 5. HP: 15/38 MP: 8/10
  2460 | D:3      | Reached XP level 6. HP: 18/44 MP: 8/11
  2818 | D:3      | Found a runed translucent gate.
  2819 | D:3      | Found a runed translucent gate.
  2820 | D:3      | Found a runed translucent gate.
  2821 | D:3      | Noticed KittyFluff's ghost (amateur GrBe)
  3038 | D:3      | Mangled by KittyFluff's ghost

Illustrated notes

Levels and vault maps discovered:
D:1:      dpeg_arrival_signposts, layout_basic, serial_shops,
          nicolae_square_shop, hellmonk_ecumenical_altar_pennies_from_heaven,
          kennysheep_flooded_box, minmay_fountain_box
D:2:      layout_loops_ring, basic_altar, uniq_crazy_yiuf_cottage
D:3:      layout_rooms, gammafunk_ghost_split

Skill      XL: |  1  2  3  4  5  6 |
---------------+-------------------+-----
Air Magic      | 2 |  2.6
Invocations    | 1 2 |  2.1
Fighting       | 1 2 |  2.0
Short Blades   | 1 2 |  2.0
Long Blades    | 1 2 |  2.0
Axes           | 1 2 |  2.0
Maces & Flails | 1 2 |  2.0
Polearms       | 1 2 |  2.0
Slings         | 1 2 |  2.0
Bows           | 1 2 |  2.0
Crossbows      | 1 2 |  2.0
Throwing       | 1 2 |  2.0
Dodging        | 1 2 |  2.0
Shields        | 1 2 |  2.0
Unarmed Combat | 1 2 |  2.0
Spellcasting   | 3 |  3.4
Armour         | 3 |  3.2
Stealth        | 3 |  3.1
Conjurations   | 1 |  1.5
Hexes          | 1 |  1.5
Summonings     | 1 |  1.5
Necromancy     | 1 |  1.5
Translocations | 1 |  1.5
Transmutations | 1 |  1.5
Fire Magic     | 1 |  1.5
Ice Magic      | 1 |  1.5
Earth Magic    | 1 |  1.5
Poison Magic   | 1 |  1.5
Staves         | |  6.8
Evocations     | |  6.8

Action                   |  1- 3 |  4- 6 || total
-------------------------+-------+-------++-------
Melee: Quarterstaff      |   109 |    37 ||   146
       Bite              |     7 |     9 ||    16
Throw: Javelin           |     1 |       ||     1
  Use: Scroll            |       |     2 ||     2
 Stab: Sleeping          |     3 |       ||     3
Armor: Leather armour    |    29 |       ||    29
       Scale mail        |     4 |    16 ||    20
Dodge: Dodged            |    64 |    14 ||    78
